cohdb
Replays
Latest Replays
All Replays
Popular Replays
Top Player Replays
Match Explorer
How It Works
Community
CoH3 Stats
Reddit
Sign in to upload your games and track your stats! →
Sign in with Steam
Match 47263221
Unlisted
Match 47263221
Overview
Messages
Build Orders
End
Kradschützen Motorcycle Team
Panzerpioneer Squad
Selects Italian Infantry
Panzergrenadier Squad
Construct Light Support Kompanie
MG34 Team
Selects Defensive Operations
Fire Support Elements
Pak 38 Mechanized Group
Flakvierling Half-track
Selects Guastatori Squad
Guastatori Squad
Construct Panzerarmee Kommand
Flak 36 Anti-tank Gun Team
Selects Registered Artillery
Selects Towed Cannone da 105/28 Field Howitzer
Towed Cannone da 105/28 Field Howitzer
Advanced Optics
Selects Prepared Positions
Flak 36 Anti-tank Gun Team
Selects Obice 305mm Barrage
DrayNorton
Disconnected
WARlordS
Domino♿ 🚮
Henk
water
Boat Goes Binted
It's Takotime
0
0
Comments
sign in to comment!
No comments posted yet!